cohdb
Replays
Latest Replays
All Replays
Popular Replays
Top Player Replays
Match Explorer
How It Works
Community
CoH3 Stats
Reddit
Sign in to upload your games and track your stats! →
Sign in with Steam
Match 42040896
Unlisted
Match 42040896
Overview
Messages
Build Orders
End
Construct Section Command Post
Selects Canadian Shock Battlegroup
Infantry Section
ML 3-inch Mortar Team
Infantry Section
Infantry Section
Grenade Package
Construct Field Infirmary
Selects Incendiary Munitions
Selects Attacking Spirit
Construct Platoon Command Post
Unlock M3 Stuart Light Tanks
aSIINiedi
포방부
Tirant
shoes
Elan
frostie
0
0
Comments
sign in to comment!
No comments posted yet!